 Dungeon Crawl Stone Soup version 0.31-a0-150-g89dc3ad700 (webtiles) character file.

Game seed: 10641577484288636469

284 qw the Shooter (level 6, 0/38 HPs)
             Began as a Gargoyle Hunter on June 8, 2023.
             Slain by a lemure (7 damage)
             ... led by Pikel
             ... on level 4 of the Dungeon.
             The game lasted 00:01:16 (3314 turns).

qw the Shooter (Gargoyle Hunter)                    Turns: 3314, Time: 00:01:16

Health: 0/38       AC: 11    Str: 14    XL:     6   Next: 29%
Magic:  6/6        EV: 10    Int: 10    God:
Gold:   241        SH:  0    Dex: 15    Spells: 5/5 levels left

rFire   . . .        Y - +0 shortbow
rCold   + . .        (shield currently unavailable)
rNeg    + . .        e - +0 ring mail
rPois   inf          (no helmet)
rElec   +            (no cloak)
rCorr   .            c - +0 pair of gloves
SInv    .            f - +0 pair of boots
Will    +....        (no amulet)
Stlth   +            g - ring of willpower
HPRegen 0.26/turn    h - ring of protection from cold
MPRegen 0.10/turn

%: no passive effects
@: no status effects
A: sickness immunity, AC +4, negative energy resistance 1, electricity
resistance, torment resistance 1, petrification resistance
a: no special abilities


You were on level 4 of the Dungeon.
You visited 2 branches of the dungeon, and saw 5 of its levels.

You collected 241 gold pieces.


Innate Abilities, Weirdness & Mutations

You are immune to sickness and miasma.
Your stone body is resilient. (AC +4)
You are immune to poison.
You resist negative energy. (rN+)
You are resistant to electric shocks. (rElec)
You are resistant to unholy torment.
You are immune to petrification.


   Skills:
 - Level 4.0 Fighting
 + Level 6.5 Ranged Weapons
 - Level 1.0 Armour
 - Level 1.5 Dodging
 - Level 1.1 Stealth


You had 5 spell levels left.
You didn't know any spells.
Your spell library was empty.

Inventory:

Hand Weapons
 Y - a +0 shortbow (weapon)
Armour
 c - a +0 pair of gloves (worn)
 e - a +0 ring mail (worn)
 f - a +0 pair of boots (worn)
Jewellery
 g - a ring of willpower (left hand)
 h - a ring of protection from cold (right hand)
Scrolls
 a - a scroll of identify
Potions
 b - a potion of haste
 d - a potion of heal wounds {unknown}

Dungeon Overview and Level Annotations

Branches:
Dungeon (4/15)             Temple (1/1) D:4

Altars:
Ashenzari
Cheibriados
Dithmenos
Elyvilon
Fedhas
Gozag
Hepliaklqana
Kikubaaqudgha
Makhleb
Nemelex Xobeh
Qazlal
Ru
Sif Muna
Trog
Uskayaw
Vehumet
Wu Jian
Xom
Yredelemnul
Zin
The Shining One

Annotations:
D:4 Pikel


Message History

You shoot an arrow. The arrow closely misses the kobold.
Found a stone staircase leading up.
The lemure shouts!
Enter note:
Enter note:
Enter note: You shoot an arrow.
The arrow completely misses the kobold.
The kobold throws a stone.
The stone hits you but does no damage.
You shoot an arrow. The arrow hits the kobold.
The kobold is moderately wounded.
You hear a shout!
A lemure comes into view.
You shoot an arrow.
The arrow hits the kobold but does no damage.
The kobold is moderately wounded.
The kobold hits you but does no damage.
You shoot an arrow. The arrow hits the kobold.
The kobold is severely wounded.
The lemure closely misses you.
The kobold hits you with a +2 heavy falchion!
The lemure hits you.
You shoot an arrow. The arrow barely misses the kobold.
The lemure hits you but does no damage. The lemure barely misses you.
The kobold hits you with a +2 heavy falchion!
You shoot an arrow. The arrow hits the kobold.
You kill the kobold!
The lemure misses you. The lemure hits you.
You shoot an arrow.
The arrow hits the lemure but does no damage.
The lemure hits you but does no damage.
You shoot an arrow.
The arrow hits Pikel but does no damage.
The lemure closely misses you.
You shoot an arrow.
The arrow hits Pikel but does no damage.
Pikel hits you but does no damage. The lemure hits you.
You shoot an arrow. The arrow misses Pikel.
Pikel barely misses you. The lemure hits you but does no damage.
The lemure hits you. Pikel barely misses you. The lemure hits you!
You die...

#.......###$#
######...........#
.................#
######>..........#
##...........#
#..<.....$...#
##........5#.#
#.......g5#<#
##5##.####@.#
#5##...5K5....#
.....####.#.#.#
.5# #..## .# .5K
).# ... #..# #<.#


You could see Pikel, 4 lemures and a hobgoblin.

Vanquished Creatures
  3 orc priests
  Natasha (D:2)
  Jessica (D:3)
  4 adders
  2 worms
  A dart slug (D:2)
  11 orcs
  4 endoplasms
  8 giant cockroaches
  6 goblins
  8 hobgoblins
  3 jackals (D:3)
  2 quokkas
  6 ball pythons
  7 bats
  3 frilled lizards (D:1)
  11 kobolds
  4 rats
85 creatures vanquished.

Notes
Turn   | Place    | Note
-------+----------+-------------------------------------------
     0 | D:1      | qw the Gargoyle Hunter began the quest for the Orb.
     0 | D:1      | Reached XP level 1. HP: 12/12 MP: 1/1
     0 | D:1      | 0 ||| qw: Version: 0.2-a-119-g7aa9181
     0 | D:1      | 0 ||| qw: Game counter: 2852
     0 | D:1      | 0 ||| qw: Always use a shield: true
     0 | D:1      | 0 ||| qw: God list: Okawaru
     0 | D:1      | 0 ||| qw: Allow faded altars: false
     0 | D:1      | 0 ||| qw: Do Orc after D:15 true
     0 | D:1      | 0 ||| qw: Do second Lair branch before Depths: true
     0 | D:1      | 0 ||| qw: Lair rune preference: random
     0 | D:1      | 0 ||| qw: Plans: Normal
     0 | D:1      | 0 ||| PLANNING D:1-11
   110 | D:1      | Reached XP level 2. HP: 17/17 MP: 2/2
   447 | D:1      | Reached XP level 3. HP: 21/21 MP: 3/3
   502 | D:1      | Reached skill level 5 in Ranged Weapons
   864 | D:1      | 864 ||| UPGRADING to +0 ring mail.
   874 | D:1      | 874 ||| DROPPING +0 leather armour.
   875 | D:1      | 875 ||| UPGRADING to +0 pair of boots.
   880 | D:1      | 880 ||| READING 3 scrolls labelled TETTUAL QUOT.
   881 | D:1      | 881 ||| READING scroll labelled FUYMIM JIBE.
   882 | D:1      | 882 ||| READING scroll labelled RECESI EBLEFU.
   887 | D:1      | 887 ||| READING scroll labelled DISYLUPLENA.
   888 | D:1      | 888 ||| DROPPING scroll of butterflies.
   908 | D:2      | Found a faded altar of an unknown god.
  1031 | D:2      | Reached skill level 1 in Armour
  1160 | D:2      | You fall into a shaft and drop 2 floors!
  1183 | D:4      | Found a staircase to the Ecumenical Temple.
  1184 | D:4      | 1184 ||| PLANNING TEMPLE
  1184 | D:4      | 1184 ||| UPGRADING to +0 pair of gloves.
  1189 | D:4      | 1189 ||| READING scroll labelled UTUMIKHEORGH.
  1202 | Temple   | Entered the Ecumenical Temple
  1430 | Temple   | 1430 ||| PLANNING D:1-11
  1449 | D:4      | Reached XP level 4. HP: 19/27 MP: 4/4
  1453 | D:4      | Reached skill level 3 in Fighting
  1468 | D:4      | Reached XP level 5. HP: 11/32 MP: 5/5
  1599 | D:4      | 1599 ||| READING 2 scrolls of identify.
  1599 | D:4      | 1599 ||| IDENTIFYING purple potion
  1600 | D:4      | 1600 ||| DROPPING potion of lignification.
  1606 | D:4      | Noticed a lemure
  1606 | D:4      | Noticed a lemure
  1607 | D:4      | 1607 ||| FLEEEEING.
  1607 | D:4      | Noticed a lemure
  1608 | D:4      | Noticed Pikel
  1608 | D:4      | 1608 ||| STAIRDANCE
  1653 | D:3      | 1653 ||| READING scroll labelled QEV HAOCZIGI.
  1801 | D:2      | Noticed Natasha
  1808 | D:2      | Killed Natasha
  1809 | D:2      | Reached skill level 6 in Ranged Weapons
  1990 | D:2      | 1990 ||| READING 2 scrolls of identify.
  1990 | D:2      | 1990 ||| IDENTIFYING fuming sapphire potion
  2200 | D:3      | Noticed Jessica
  2208 | D:3      | Killed Jessica
  2299 | D:3      | Reached XP level 6. HP: 38/38 MP: 6/6
  2329 | D:3      | 2329 ||| FLEEEEING.
  2330 | D:3      | 2330 ||| FLEEEEING.
  2331 | D:3      | 2331 ||| FLEEEEING.
  3188 | D:3      | 3188 ||| UPGRADING to ring of willpower.
  3189 | D:3      | 3189 ||| UPGRADING to ring of protection from cold.
  3314 | D:4      | HP: 7/38 [lemure[Pikel] (3)]
  3314 | D:4      | Slain by a lemure

Levels and vault maps discovered:
D:1:      tekkud_arrival_beachfront_property, layout_basic
D:2:      layout_basic, ebering_ecumenical_altar_hall, uniq_natasha
D:3:      layout_basic, hangedman_decor_points, uniq_jessica
D:4:      layout_loops_ring, okawaru_altar_gauntlet_db,
          minmay_temple_entry_offerings, uniq_pikel
Temple:   mainiacjoe_temple_hex_bubbles

Skill      XL: |  1  2  3  4  5 |
---------------+----------------+-----
Ranged Weapons | 5 6 |  6.5
Armour         | 1 |  1.0
Fighting       | 3 4 |  4.0
Dodging        | |  1.5
Stealth        | |  1.1

Action                     |  1- 3 |  4- 6 || total
---------------------------+-------+-------++-------
   Fire: Shortbow          |   131 |   155 ||   286
    Use: Scroll            |     5 |     3 ||     8
 Armour: Leather armour    |     8 |       ||     8
         Ring mail         |     7 |    39 ||    46
  Dodge: Dodged            |    15 |    31 ||    46

Table legend:
 A = Non-vault XP
 B = Vault XP
 C = Vault XP percentage of total XP
 D = Non-vault monster count
 E = Vault monster count
 F = Vault count percentage of total count
                 A         B        C        D         E       F
            +---------+---------+-------+---------+---------+-------
      Total |     331 |      76 |  18.7 |      83 |       2 |   2.4
            +---------+---------+-------+---------+---------+-------
        D:1 |      40 |       0 |   0.0 |      26 |       0 |   0.0
        D:2 |      62 |      39 |  38.6 |      22 |       1 |   4.3
        D:3 |     125 |      37 |  22.8 |      23 |       1 |   4.2
        D:4 |     104 |       0 |   0.0 |      12 |       0 |   0.0
            +---------+---------+-------+---------+---------+-------
